 Dungeon Crawl Stone Soup version 0.31.0-32-g396128a36d (webtiles) character file.

Game seed: 16107008714114559674

107 tizbic2 the Shooter (level 5, -1/41 HPs)
             Began as a Formicid Hunter on Apr 17, 2024.
             Was a Follower of Zin.
             Slain by an orc warrior
             ... wielding a +0 hand axe
              (9 damage)
             ... on level 8 of the Dungeon.
             The game lasted 00:09:10 (2246 turns).

tizbic2 the Shooter (Formicid Hunter)               Turns: 2246, Time: 00:09:10

Health: -1/41      AC:  8    Str: 17    XL:     5   Next: 10%
Magic:  5/5        EV:  8    Int:  9    God:    Zin [*.....]
Gold:   85         SH:  0    Dex: 17    Spells: 4/4 levels left

rFire   . . .        a - +0 shortbow
rCold   . . .        (no shield)
rNeg    . . .        e - +0 chain mail
rPois   .            (helmet unavailable)
rElec   .            (no cloak)
rCorr   .            (no gloves)
SInv    +            (no boots)
Will    .....        j - amulet of magic regeneration Stlth
                     (no ring)
HPRegen 0.26/turn    (no ring)
MPRegen 0.49/turn

%: no passive effects
@: no status effects
A: permanent stasis, dig shafts and tunnels, antennae 3, four strong arms
a: Dig, Shaft Self, Renounce Religion, Recite, Donate Gold


You were on level 8 of the Dungeon.
You worshipped Zin.
Zin was aware of your devotion.
You visited 2 branches of the dungeon, and saw 7 of its levels.

You collected 121 gold pieces.
You spent 24 gold pieces at shops.
You donated 12 gold pieces to Zin.

Inventory:

Hand Weapons
 a - a +0 shortbow (weapon)
Missiles
 k - 5 javelins
Armour
 e - a +0 chain mail (worn)
 i - a +0 ring mail
Magical Staves
 c - a staff of earth
Jewellery
 j - an amulet of magic regeneration (around neck)
Wands
 f - a wand of flame (9)
 n - a wand of digging (6)
Scrolls
 b - a scroll of butterflies
 g - a scroll of fear {unknown}
 l - a scroll of poison {unknown}
 o - a scroll of immolation {unknown}
 p - a scroll of enchant weapon {unknown}
Potions
 d - 2 potions of curing
 h - a potion of haste {unknown}


   Skills:
 + Level 3.5 Fighting
 + Level 5.2 Ranged Weapons
 - Level 1.7 Dodging
 - Level 1.2 Stealth
 * Level 1.2 Invocations
 - Level 0.2 Shapeshifting


You had 4 spell levels left.
You didn't know any spells.
Your spell library contained the following spells:

 Spells                   Type           Power      Damage    Failure   Level
 Freeze                   Ice            0%         1d3       99%         1
 Frozen Ramparts          Ice            0%         1d1       100%        3
 Gell's Gravitas          Tloc           0%         N/A       100%        3
 Hailstorm                Conj/Ice       0%         3d5       100%        3
 Summon Ice Beast         Ice/Summ       0%         N/A       100%        3
 Teleport Other           Tloc           0%         N/A       100%        3
 Volatile Blastmotes      Fire/Tloc      0%         2d10      100%        3
 Fulminant Prism          Conj/Alch      0%         3d5       100%        4
 Iskenderun's Mystic Bla  Conj/Tloc      0%         2d3       100%        4
 Dispersal                Tloc           0%         N/A       100%        6
 Sculpt Simulacrum        Ice/Alch       0%         N/A       100%        6


Dungeon Overview and Level Annotations

Branches:
Dungeon (5/15)             Temple (1/1) D:4

Altars:
Dithmenos
Elyvilon
Fedhas
Gozag
Hepliaklqana
Okawaru
Sif Muna
Uskayaw
Vehumet
Wu Jian
Xom
Yredelemnul
Zin
The Shining One

Shops:
D:5 ?

Annotations:
D:4 Dowan, Duvessa, Pikel
D:5 Edmund


Innate Abilities, Weirdness & Mutations

You cannot be hasted, slowed, berserked, paralysed or teleported.
You can dig through walls and to a lower floor.
You have a pair of large antennae on your head. (SInv)
Your four strong arms can wield two-handed weapons with a shield.


Message History

The arrow barely misses the orc warrior.
The arrow barely misses the orc.
The howler monkey howls!
The arrow hits the orc.
The orc is almost dead.
The orc warrior hits you with a +0 hand axe.
The orc warrior hits you but does no damage.
You shoot an arrow. The arrow hits the orc warrior.
The orc warrior is lightly wounded.
The orc warrior hits you with a +0 hand axe!
You shoot an arrow.
The arrow closely misses the orc warrior.
The arrow barely misses the orc.
The arrow hits the orc!
You kill the orc!
The orc warrior hits you with a +0 hand axe.
The orc warrior hits you with a +0 hand axe!
* * * LOW HITPOINT WARNING * * *
You shoot an arrow. The arrow hits the orc warrior.
The orc warrior is lightly wounded.
The orc warrior hits you with a +0 hand axe.
* * * LOW HITPOINT WARNING * * *
You shoot an arrow.
The arrow hits the orc warrior but does no damage.
The orc warrior is lightly wounded.
The orc warrior barely misses you. x2
You shoot an arrow.
The arrow hits the orc warrior but does no damage.
The orc warrior is lightly wounded.
The orc warrior closely misses you.
You shoot an arrow. The arrow hits the orc warrior.
The orc warrior is moderately wounded.
The orc warrior hits you but does no damage. x2
The howler monkey hoots and howls with incredible vigour!
The orc warrior attacks as it pursues you!
The orc warrior hits you with a +0 hand axe.
* * * LOW HITPOINT WARNING * * *
You feel better.
A howler monkey comes into view.
The orc warrior hits you with a +0 hand axe!
You die...

.###########
.......#...#
#.........#
{#.##......#########
#.....h..)hoo@..#
##...##########.#
##.## # {,o{{# ###.#
#+#


You could see an orc warrior, 2 howler monkeys and an orc.

Vanquished Creatures
  A hound (D:5)
  An adder (D:3)
  A dart slug (D:1)
  A ribbon worm (D:2)
  An orc (D:8)
  4 endoplasms
  2 giant cockroaches
  10 goblins
  6 hobgoblins
  6 jackals (D:1)
  4 kobolds
  2 quokkas
  5 ball pythons
  3 bats
  3 frilled lizards
  6 rats
56 creatures vanquished.

Notes
Turn   | Place    | Note
-------+----------+-------------------------------------------
     0 | D:1      | tizbic2 the Formicid Hunter began the quest for the Orb.
     0 | D:1      | Reached XP level 1. HP: 16/16 MP: 1/1
   227 | D:1      | Reached XP level 2. HP: 23/23 MP: 2/2
   408 | D:1      | Reached XP level 3. HP: 24/28 MP: 3/3
  1139 | D:3      | Reached XP level 4. HP: 33/33 MP: 4/4
  1216 | D:3      | Reached skill level 5 in Ranged Weapons
  1667 | D:4      | Found a staircase to the Ecumenical Temple.
  1672 | Temple   | Entered the Ecumenical Temple
  1687 | Temple   | Became a worshipper of Zin the Law-Giver
  1687 | Temple   | Reached * piety under Zin
  1726 | D:4      | Noticed Duvessa
  1726 | D:4      | Noticed Dowan
  1727 | D:4      | Noticed a lemure
  1727 | D:4      | Noticed Pikel
  1730 | D:5      | Entered Level 5 of the Dungeon
  1813 | D:5      | Found Kelab's Magic Scroll Shop.
  1819 | D:5      | Bought a scroll of identify for 24 gold pieces
  1858 | D:5      | Reached skill level 1 in Invocations
  1858 | D:5      | Reached XP level 5. HP: 16/41 MP: 5/5
  2112 | D:5      | Noticed Edmund
  2127 | D:5      | You fall into a shaft and drop 3 floors!
  2227 | D:8      | Noticed an orc warrior
  2241 | D:8      | HP: 1/41 [orc warrior/+0 hand axe (2)]
  2246 | D:8      | Slain by an orc warrior

Illustrated notes

Levels and vault maps discovered:
D:1:      lightli_iron_boxes, layout_loops_corners,
          amcnicky_mini_rare_corridor_liquid
D:2:      layout_loops_ring, kennysheep_generic_room_8
D:3:      layout_rooms
D:4:      layout_rooms, minmay_temple_entry_butterflies, serial_shops, shop,
          uniq_duvessa, uniq_pikel
D:5:      layout_basic, nemelex_diamond_rough_becter, serial_shops,
          nicolae_shop_advertising_works [nicolae_subvault_shop_adworks],
          nicolae_letterblocks [nicolae_letter_subblock,
          nicolae_letter_subblock, nicolae_letter_subblock,
          nicolae_letter_subblock, nicolae_letter_subblock,
          nicolae_letter_subblock, nicolae_letter_subblock,
          nicolae_letter_subblock, nicolae_letter_subblock,
          nicolae_letter_subblock, nicolae_letter_subblock,
          nicolae_letter_subblock, nicolae_letter_subblock,
          nicolae_letter_subblock, nicolae_letter_subblock,
          nicolae_letter_subblock, nicolae_letter_subblock,
          nicolae_letter_subblock, nicolae_letter_subblock,
          nicolae_letter_subblock, nicolae_letter_subblock,
          nicolae_letter_subblock, nicolae_letter_subblock,
          nicolae_letter_subblock, nicolae_letter_subblock], uniq_edmund
D:8:      layout_loops_corners, grunt_qazlal_sundering
Temple:   eino_temple_water

Skill      XL: |  1  2  3  4 |
---------------+-------------+-----
Fighting       | 3 |  3.5
Ranged Weapons | 5 |  5.2
Invocations    | 1 |  1.2
Dodging        | |  1.7
Stealth        | |  1.2
Shapeshifting  | |  0.2

Action                     |  1- 3 |  4- 6 || total
---------------------------+-------+-------++-------
   Fire: Shortbow          |   124 |    80 ||   204
Ability: Dig               |     1 |       ||     1
         Begin Untransform |       |     1 ||     1
         Shaft Self        |       |     1 ||     1
  Evoke: Wand              |       |     1 ||     1
    Use: Scroll            |       |     6 ||     6
         Potion            |       |     1 ||     1
 Armour: Leather armour    |    44 |       ||    44
         Chain mail        |       |    56 ||    56
  Dodge: Dodged            |    52 |    22 ||    74
   Form: Death             |       |     1 ||     1
